 Dungeon Crawl Stone Soup version 0.24.1 (webtiles) character file.

Game seed: 13384449824277102405, levelgen mode: deterministic

54 Fukker the Slasher (level 3, 0/27 HPs)
             Began as a Demonspawn Gladiator on Mar 29, 2020.
             Was an Initiate of Wu Jian.
             Killed from afar by Natasha (6 damage)
             ... with a magic dart
             ... on level 2 of the Dungeon.
             The game lasted 00:02:41 (1421 turns).

Fukker the Slasher (Demonspawn Gladiator)           Turns: 1421, Time: 00:02:41

Health: 0/27       AC:  5    Str: 15    XL:     3   Next: 66%
Magic:  3/3        EV: 12    Int:  9    God:    Wu Jian [......]
Gold:   91         SH:  0    Dex: 14    Spells: 2/2 levels left

rFire    . . .     SeeInvis .   a - +0 long sword
rCold    + . .     Gourm    .   (no shield)
rNeg     . . .     Faith    .   b - +0 leather armour
rPois    .         Spirit   .   c - +0 helmet
rElec    .         Reflect  .   (no cloak)
rCorr    .         Harm     .   (no gloves)
MR       .....                  g - +0 pair of boots
Stlth    +.........             (no amulet)
HPRegen  0.09/turn              (no ring)
MPRegen  0.08/turn              (no ring)

@: no status effects
A: cold resistance 1, freezing cloud immunity
a: Renounce Religion


You were on level 2 of the Dungeon.
You worshipped Wu Jian.
Wu Jian was noncommittal.
You were not hungry.

You visited 1 branch of the dungeon, and saw 2 of its levels.

You collected 91 gold pieces.

Inventory:

Hand Weapons
 a - a +0 long sword (weapon)
Missiles
 d - 3 throwing nets (quivered)
 n - 21 bolts
Armour
 b - a +0 leather armour (worn)
 c - a +0 helmet (worn)
 g - a +0 pair of boots (worn)
Jewellery
 i - a cursed amulet of inaccuracy {unknown}
Scrolls
 e - a scroll of teleportation {unknown}
 h - a scroll of noise {unknown}
 k - 2 scrolls of identify {unknown}
Potions
 j - a potion of brilliance {unknown}
 l - a potion of lignification {unknown}
Comestibles
 f - a ration
 m - 3 chunks of flesh


   Skills:
 - Level 2.0 Fighting
 + Level 4.2 Long Blades
 - Level 1.7 Throwing
 - Level 2.6 Dodging


You had 2 spell levels left.
You didn't know any spells.
Your spell library was empty.

Dungeon Overview and Level Annotations

Branches:
Dungeon (2/15)

Altars:
Wu Jian

Annotations:
D:2 Natasha


Innate Abilities, Weirdness & Mutations

Your flesh is cold resistant. (rC+)
You are immune to freezing clouds.


Message History

The frilled lizard closely misses you. Natasha claws you.
* * * LOW HITPOINT WARNING * * *
The rat bites you.
* * * LOW HITPOINT WARNING * * *
The frilled lizard barely misses you.
You riposte.
You hit the frilled lizard.
You kill the frilled lizard!
The Council accepts your kill.
You completely miss Natasha.
Natasha is almost dead.
Natasha mumbles some strange words.
The rat closely misses you.
You riposte.
You slash the rat!
You kill the rat!
The Council accepts your kill. Natasha barely misses you.
You closely miss Natasha.
Natasha is severely wounded.
The crimson imp hits you but does no damage.
Natasha stares at you and mumbles some strange words.
The magic dart hits you.
You die...

)...........#.#.##...#
............#...# # .#
............#..##
............#..#
.....>.5....#..#
....(.......#..#
............#..#
......h†5..##
....#..@..## ###
#.†.##...?. #.#..
.#... #....###. ##
#$!.#. .# ..>. ( .#
.#... . #. ... ..


You could see Natasha and 2 crimson imps.

Vanquished Creatures
  Natasha (D:2)
  A leopard gecko (D:1)
  4 bats
  2 giant cockroaches
  4 goblins
  3 hobgoblins (D:1)
  A ball python (D:1)
  3 frilled lizards (D:2)
  4 kobolds
  4 rats
27 creatures vanquished.

Notes
Turn   | Place    | Note
-------+----------+-------------------------------------------
     0 | D:1      | Fukker the Demonspawn Gladiator began the quest for the
                  | Orb.
     0 | D:1      | Reached XP level 1. HP: 16/16 MP: 1/1
   151 | D:1      | Reached skill level 3 in Long Blades
   377 | D:1      | Gained mutation: Your flesh is cold resistant. (rC+)
                  | [demonic ancestry]
   377 | D:1      | Reached XP level 2. HP: 20/22 MP: 2/2
  1090 | D:2      | Found an ornate altar of the Wu Jian Council.
  1098 | D:2      | Became a worshipper of the Wu Jian Council
  1108 | D:2      | Noticed Natasha
  1113 | D:2      | Noticed a crimson imp
  1116 | D:2      | Killed Natasha
  1116 | D:2      | Reached skill level 4 in Long Blades
  1116 | D:2      | Gained mutation: You are immune to freezing clouds.
                  | [demonic ancestry]
  1116 | D:2      | Reached XP level 3. HP: 9/27 MP: 3/3
  1393 | D:2      | Noticed Natasha
  1421 | D:2      | Killed from afar by Natasha

Levels and vault maps discovered:
D:1:      noname_arrival_rooms_in_the_neighbourhood, layout_basic
D:2:      layout_rooms, minitemple, nicolae_overflow_crystal_walls,
          minmay_crystal_room, uniq_natasha

Skill      XL: |  1  2 |
---------------+-------+-----
Long Blades    | 3 4 |  4.2
Fighting       | |  2.0
Throwing       | |  1.7
Dodging        | |  2.6

Action                   || total
-------------------------++-------
Melee: Long sword        ||    95
Invok: Lunge             ||     2
  Use: Potion            ||     1
  Eat: Chunk             ||     2
Armor: Leather armour    ||    33
Dodge: Dodged            ||    76
       Rpst.: Long sword ||    20
